 Dungeon Crawl Stone Soup version 0.29.1-15-g9cfb28693d (webtiles) character file.

Game seed: 760567265613254132

2636 BlackCrag the Thaumaturge (level 9, 0/45 HPs)
             Began as a Deep Elf Earth Elementalist on Mar 9, 2023.
             Was a Follower of Sif Muna.
             Succumbed to a hornet's poison
             ... while paralysed by a hornet
             ... on level 8 of the Dungeon.
             The game lasted 00:33:10 (7911 turns).

BlackCrag the Thaumaturge (DEEE)                    Turns: 7911, Time: 00:33:10

Health: 0/45       AC:  3    Str:  5    XL:     9   Next: 35%
Magic:  1/26       EV:  2    Int: 25    God:    Sif Muna [*.....]
Gold:   84         SH:  0    Dex: 15    Spells: 7/30 levels left

rFire   . . .      SeeInvis .   C - +3 quarterstaff (chaos)
rCold   . . .      Faith    .   (shield currently unavailable)
rNeg    . . .      Spirit   +   a - +0 robe
rPois   .          Reflect  .   (no helmet)
rElec   .          Harm     .   (no cloak)
rCorr   .          Rampage  .   (no gloves)
Will    +....                   z - +0 pair of boots
Stlth   +++.......              w - amulet of guardian spirit
HPRegen 0.15/turn               x - ring of willpower
MPRegen 0.20/turn               A - ring of flight

@: paralysed, lethally poisoned (0 -> -7), flying, hasted
A: no striking features
a: Renounce Religion, Channel Magic


You were on level 8 of the Dungeon.
You worshipped Sif Muna.
Sif Muna was aware of your devotion.
You visited 2 branches of the dungeon, and saw 9 of its levels.

You collected 440 gold pieces.
You spent 356 gold pieces at shops.

Inventory:

Hand Weapons
 C - a +3 quarterstaff of chaos (weapon)
Armour
 a - a +0 robe (worn)
 z - a +0 pair of boots (worn)
 D - a +0 cloak
Magical Staves
 E - a staff of fire
Jewellery
 w - an amulet of guardian spirit (around neck)
 x - a ring of willpower (left hand)
 A - a ring of flight (right hand)
Wands
 B - a wand of paralysis (3)
Scrolls
 h - a scroll of butterflies {unknown}
 i - 3 scrolls of amnesia {unknown}
 l - a scroll of enchant weapon {unknown}
 m - a scroll of noise {unknown}
 n - a scroll of silence {unknown}
 o - 3 scrolls of teleportation
 p - a scroll of magic mapping {unknown}
 q - a scroll of fear {unknown}
 s - a scroll of identify
 t - 2 scrolls of enchant armour {unknown}
 v - a scroll of immolation {unknown}
 y - a scroll of torment {unknown}
 F - a scroll of blinking
Potions
 b - 2 potions of magic
 c - 3 potions of haste
 d - 3 potions of flight {unknown}
 e - a potion of attraction {unknown}
 f - 3 potions of heal wounds
 g - a potion of ambrosia {unknown}
 j - a potion of brilliance {unknown}
 k - a potion of mutation {unknown}
 r - 2 potions of cancellation {unknown}
 u - 3 potions of curing
 G - 3 potions of resistance {unknown}
 H - a potion of might {unknown}


   Skills:
 + Level 2.4 Dodging
 + Level 4.1 Stealth
 + Level 11.1 Spellcasting
 * Level 5.1 Conjurations
 + Level 2.6 Transmutations
 * Level 9.1 Earth Magic


You had 7 spell levels left.
You knew the following spells:

 Your Spells              Type           Power      Damage    Failure   Level
a - Sandblast             Erth           100%       2d20      1%          1
b - Passwall              Tmut/Erth      35%        N/A       1%          2
c - Stone Arrow           Conj/Erth      98%        3d13      1%          3
d - Petrify               Tmut/Erth      43%        N/A       3%          4
e - Iskenderun's Mystic   Conj/Tloc      26%        2d7       16%         4
f - Lee's Rapid Deconstr  Erth           28%        3d16*     2%          5
g - Fulminant Prism       Conj/Hex       13%        3d9       16%         4

Your spell library contained the following spells:

 Spells                   Type           Power      Damage    Failure   Level


Dungeon Overview and Level Annotations

Branches:
Dungeon (8/15)             Temple (1/1) D:6
   Lair: D:8-11

Altars:
Cheibriados
Dithmenos
Elyvilon
Fedhas
Gozag
Hepliaklqana
Kikubaaqudgha
Nemelex Xobeh
Okawaru
Qazlal
Ru
Sif Muna
Trog
Uskayaw
Vehumet
Wu Jian
Xom
Yredelemnul
Zin
The Shining One

Shops:
D:3 :   D:6 ![(


Message History

Press: ? - help, Shift-Dir - straight line, f/p - hornet
Aim: a hornet (chance to affect: 59%)
The hornet resists with significant effort.
The hornet stings you but does no damage.
The hornet stings you.
You feel as though you will be slow longer.
Casting: Petrify (dangerous; 3% risk of failure)
Confirm with . or Enter, or press ? or * to list all spells.
Aiming: Stone Arrow (safe; 1% risk of failure)
Press: ? - help, Shift-Dir - straight line, f/p - hornet
Aim: a hornet (64% to hit)
The stone arrow hits the hornet.
The hornet is lightly wounded.
The hornet barely misses you.
The hornet stings you but does no damage.
The hornet closely misses you.
Casting: Stone Arrow (safe; 1% risk of failure)
Confirm with . or Enter, or press ? or * to list all spells.
Aiming: Stone Arrow (safe; 1% risk of failure)
Press: ? - help, Shift-Dir - straight line, f/p - hornet
Aim: a hornet (lightly wounded, 64% to hit)
The stone arrow misses the hornet.
The hornet stings you.
You are poisoned.
You feel as though you will be slow longer.
The hornet stings you!
You are more poisoned.
You feel as though you will be slow longer.
You feel better. The hornet barely misses you. The hornet stings you!
You feel as though you will be slow longer.
You feel yourself speed up. The hornet barely misses you.
The hornet closely misses you.
The hornet stings you but does no damage.
The hornet stings you.
You are poisoned.
You suddenly lose the ability to move!
You feel yourself speed up.
You feel sick. The hornet stings you!
* * * LOW HITPOINT WARNING * * *
You shrug off the repeated paralysis!
You die...

######## #.......#
#.......# ##>......#
.....#...# #........#
#........## #.......y.#
..####.#@# ### #.#.# #..
........#.#
#.###########
.########.##
#.#......##..
........[###.#.####.##..
#######.#.##.#.####.##..
#.###...#.#........ ##
#........##.##..
#....#.###......##..


You could see a hornet.

Vanquished Creatures
  Sigmund (D:5)
  A wyvern (D:7)
  A steam dragon (D:7)
  The ghost of IndexError the Shooter, an amateur GrHu (D:4)
  2 black bears
  An orc warrior (D:8)
  2 sky beasts
  An ice beast (D:5)
  3 ogres
  2 centaurs (D:8)
  A necrophage (D:6)
  6 scorpions
  5 wights (D:7)
  Crazy Yiuf (D:5)
  A gnoll bouda (D:7)
  2 hounds
  A jelly (D:6)
  An orc priest (D:8)
  2 iguanas
  An orc wizard (D:8)
  8 gnolls
  4 adders
  2 white imps (D:6)
  2 ufetubi
  A dart slug (D:4)
  4 orcs
  5 ball pythons
  8 endoplasms
  4 giant cockroaches
  11 goblins
  8 hobgoblins
  7 jackals (D:1)
  5 quokkas
  9 bats
  5 frilled lizards
  5 kobolds
  4 rats
128 creatures vanquished.

Notes
Turn   | Place    | Note
-------+----------+-------------------------------------------
     0 | D:1      | BlackCrag the Deep Elf Earth Elementalist began the quest
                  | for the Orb.
     0 | D:1      | Reached XP level 1. HP: 10/10 MP: 6/6
   197 | D:1      | Reached XP level 2. HP: 13/15 MP: 4/8
   233 | D:1      | Learned a level 2 spell: Passwall
   717 | D:1      | Reached XP level 3. HP: 19/19 MP: 8/10
   721 | D:1      | Learned a level 3 spell: Stone Arrow
   761 | D:1      | Reached skill level 4 in Spellcasting
   999 | D:2      | Found a shadowy altar of Dithmenos.
  1140 | D:2      | Found a faded altar of an unknown god.
  1671 | D:3      | Reached XP level 4. HP: 24/24 MP: 10/12
  1676 | D:3      | Learned a level 4 spell: Petrify
  2261 | D:3      | Found Siufour's Book Shoppe.
  2589 | D:4      | Noticed a scorpion
  2594 | D:4      | Killed a scorpion
  2595 | D:4      | Reached skill level 5 in Spellcasting
  2789 | D:4      | Reached XP level 5. HP: 27/28 MP: 10/14
  2965 | D:4      | Found a large runed translucent door.
  2965 | D:4      | Found a large runed translucent door.
  2987 | D:4      | Noticed IndexError's ghost (amateur GrHu)
  3085 | D:4      | Noticed a black bear
  3089 | D:4      | Killed a black bear
  3090 | D:4      | Reached skill level 1 in Conjurations
  3090 | D:4      | Reached skill level 5 in Earth Magic
  3182 | D:4      | Reached skill level 6 in Spellcasting
  3449 | D:5      | Entered Level 5 of the Dungeon
  3449 | D:5      | Noticed an ogre
  3452 | D:5      | Killed an ogre
  3453 | D:5      | Reached XP level 6. HP: 32/32 MP: 6/17
  3743 | D:5      | Reached XP level 7. HP: 36/36 MP: 3/19
  3880 | D:5      | Reached skill level 7 in Spellcasting
  4117 | D:5      | Found a runed translucent door.
  4118 | D:5      | Noticed Crazy Yiuf
  4123 | D:5      | Killed Crazy Yiuf
  4174 | D:5      | Noticed Sigmund
  4179 | D:5      | Killed Sigmund
  4264 | D:5      | Reached skill level 8 in Spellcasting
  4457 | D:6      | Found Ogaugig's Distillery.
  4459 | D:6      | Found Vyxumol's Antique Weapon Shoppe.
  4461 | D:6      | Bought a potion of curing for 36 gold pieces
  4476 | D:6      | Reached XP level 8. HP: 22/41 MP: 3/22
  4638 | D:6      | Found a staircase to the Ecumenical Temple.
  4707 | Temple   | Entered the Ecumenical Temple
  4714 | Temple   | Became a worshipper of Sif Muna the Loreminder
  4891 | D:6      | Found a sacrificial altar of Ru.
  4980 | D:6      | Found Xaiffyps's Antique Weapon Boutique.
  5223 | D:6      | Found Fuhailer's Armour Emporium.
  5416 | D:6      | Reached skill level 9 in Spellcasting
  5561 | D:6      | Found a hazy altar of Hepliaklqana.
  6431 | D:7      | Reached skill level 10 in Spellcasting
  6431 | D:7      | Reached XP level 9. HP: 45/45 MP: 12/25
  6778 | D:7      | Reached skill level 5 in Conjurations
  6888 | D:7      | Found a hide-covered altar of Uskayaw.
  7235 | D:4      | Killed IndexError's ghost
  7337 | D:3      | Bought a book of Blasting for 320 gold pieces
  7343 | D:3      | Learned a level 4 spell: Iskenderun's Mystic Blast
  7349 | D:3      | Learned a level 5 spell: Lee's Rapid Deconstruction
  7354 | D:3      | Learned a level 4 spell: Fulminant Prism
  7511 | D:8      | Reached * piety under Sif Muna
  7720 | D:8      | Reached skill level 11 in Spellcasting
  7909 | D:8      | Paralysed by a hornet for 3 turns
  7910 | D:8      | HP: 2/45 [hornet (12)]
  7911 | D:8      | Succumbed to a hornet's poison

Illustrated notes

Levels and vault maps discovered:
D:1:      spicycebolla_arrival_clurvy, layout_loops_cross
D:2:      layout_basic, shapermc_ecumenical_altar_notcrosses, basic_altar
D:3:      layout_loops_ring, serial_shops, nicolae_shop_trees
D:4:      layout_basic, ebering_ghost_disaster_area
D:5:      layout_rooms, uniq_sigmund, uniq_crazy_yiuf_cottage
D:6:      layout_loops_corners, nicolae_hepliaklqana_hippocampus,
          nicolae_ru_awakened_eye, minmay_temple_entry_large_hall, serial_shops,
          nicolae_take_the_stairs, nicolae_shop_crystal, nicolae_shop_crystal,
          nicolae_stop_n_shop_2
D:7:      layout_loops_ring, lemuel_coloured_pillars_altar,
          hangedman_abyss_or_decor_stabs, minmay_misc_feat_ornament
D:8:      layout_loops_cross, serial_shops, nicolae_shop_hallway_stairs,
          uniq_gastronok
Temple:   sentei_temple_godly_chess

Skill      XL: |  1  2  3  4  5  6  7  8  9 |
---------------+----------------------------+-----
Earth Magic    | 4 5 6 7 8 9 |  9.1
Spellcasting   | 4 5 6 8 10 11 | 11.1
Conjurations   | 1 3 4 5 |  5.1
Stealth        | 3 4 |  4.1
Transmutations | 2 |  2.6
Dodging        | |  2.4

Action                   |  1- 3 |  4- 6 |  7- 9 || total
-------------------------+-------+-------+-------++-------
 Cast: Sandblast         |    67 |    11 |    13 ||    91
       Stone Arrow       |       |    29 |    60 ||    89
       Passwall          |       |     9 |     8 ||    17
       Petrify           |       |       |    11 ||    11
       Lee's Rapid Decon |       |       |     3 ||     3
  Use: Scroll            |       |       |     5 ||     5
       Potion            |       |       |     2 ||     2
Armor: Robe              |     3 |       |     3 ||     6
Dodge: Dodged            |     6 |     1 |    11 ||    18
